 Dungeon Crawl Stone Soup version 0.29.1-12-g30fa7ad0bf (webtiles) character file.

Game seed: 9419071577608664982

117 hawla the Chiller (level 5, -1/39 HPs)
             Began as a Meteoran Ice Elementalist on Jan 8, 2023.
             Was an Initiate of Vehumet.
             Slain by a killer bee (6 damage)
             ... on level 5 of the Dungeon.
             The game lasted 00:03:14 (602 turns).

hawla the Chiller (Meteoran Ice Elementalist)        Turns: 602, Time: 00:03:14

Health: -1/39      AC:  2    Str:  9    XL:     5   Next: 47%
Magic:  2/10       EV: 12    Int: 18    God:    Vehumet [......]
Gold:   45         SH:  5    Dex: 15    Spells: 2/10 levels left

rFire   . . .      SeeInvis .   k - +2 short sword (speed)
rCold   . . .      Faith    .   (no shield)
rNeg    . . .      Spirit   .   a - +0 robe
rPois   .          Reflect  +   (no helmet)
rElec   .          Harm     .   (no cloak)
rCorr   .          Rampage  .   (no gloves)
Will    .....                   (no boots)
Stlth   +.........              j - amulet of reflection
HPRegen 0.13/turn               (no ring)
MPRegen 0.12/turn               (no ring)

@: about to teleport, very slightly contaminated, glowing
A: sense surroundings 1, otherworldly, glowing, explore regen
a: Renounce Religion


You were on level 5 of the Dungeon.
You worshipped Vehumet.
Vehumet was noncommittal.
You visited 2 branches of the dungeon, and saw 6 of its levels.

You collected 45 gold pieces.

Inventory:

Hand Weapons
 k - a +2 short sword of speed (weapon)
Armour
 a - a +0 robe (worn)
Jewellery
 j - an amulet of reflection (around neck)
Scrolls
 d - a scroll of teleportation
 e - 2 scrolls of amnesia {unknown}
 f - a scroll of magic mapping {unknown}
 g - a scroll of enchant weapon {unknown}
 l - a scroll of enchant armour {unknown}
 m - a scroll of identify {unknown}
Potions
 b - a potion of magic
 c - a potion of curing
 h - a potion of might {unknown}
 i - 2 potions of heal wounds {unknown}


   Skills:
 - Level 0.5 Fighting
 + Level 1.6 Short Blades
 - Level 2.6 Dodging
 - Level 1.4 Stealth
 - Level 3.2 Spellcasting
 + Level 2.8 Conjurations
 - Level 5.3 Ice Magic


You had 2 spell levels left.
You knew the following spells:

 Your Spells              Type           Power      Damage    Failure   Level
a - Freeze                Ice            88%        1d10      1%          1
b - Frozen Ramparts       Ice            44%        1d7       5%          3
c - Hailstorm             Conj/Ice       17%        3d6       30%         4

Your spell library contained the following spells:

 Spells                   Type           Power      Damage    Failure   Level
 Ozocubu's Armour         Ice            22%        N/A       5%          3
 Inner Flame              Hex/Fire       2%         N/A       43%         3
 Cause Fear               Hex            1%         N/A       85%         4
 Discord                  Hex            1%         N/A       100%        8


Dungeon Overview and Level Annotations

Branches:
Dungeon (5/15) Zot: 2489   Temple (1/1) D:4 Zot: 508

Altars:
Elyvilon
Fedhas
Kikubaaqudgha
Nemelex Xobeh
Okawaru
Qazlal
Ru
Trog
Vehumet
Xom
Yredelemnul


Innate Abilities, Weirdness & Mutations

You passively map a small area around you.
You are easily found by Zot.
You glow in the dark.
You regain HP and MP as you explore.


Message History

Casting: Hailstorm (extremely dangerous; 32% risk of failure)
Confirm with . or Enter, or press ? or * to list all spells.
The spell is extremely dangerous to miscast (32% risk of failure)!
Continue anyway?
Casting: Hailstorm (extremely dangerous; 32% risk of failure)
Press: ? - help, Dir - look around, f - activate A cannonade of hail descends around you!
The hail pelts the black bear!
The black bear is severely wounded.
The hail pelts the gnoll!
You kill the gnoll!
Vehumet accepts your kill.
The hail pelts the jelly!
The jelly is heavily wounded.
The hail pelts the gnoll!
The gnoll is heavily wounded.
The wall freezes the killer bee.
The killer bee stings you.
The wall freezes the killer bee.
The killer bee stings you.
The wall freezes the black bear!
The wall freezes the jelly.
The wall freezes the gnoll but does no damage.
The gnoll barely misses you.
Unknown command.
Unknown command.
As you read the scroll labelled LACRAV POROI, it crumbles to dust.
You feel strangely unstable.
It was a scroll of teleportation.
The frozen ramparts melt away.
The killer bee stings you.
* * * LOW HITPOINT WARNING * * *
You are lethally poisoned!
The killer bee poisons you! The killer bee misses you.
The black bear goes berserk!
The gnoll hits you with a +0 whip.
* * * LOW HITPOINT WARNING * * *
It was a potion of curing.
You feel better. You block the killer bee's attack.
A scorpion comes into view.
The killer bee stings you!
* * * LOW HITPOINT WARNING * * *
You block the gnoll's attack. The gnoll attacks as you move away!
The gnoll hits you with a +0 whip.
* * * LOW HITPOINT WARNING * * *
The killer bee attacks as you move away!
The killer bee stings you.
You die... #.....# , * #<....# . ,, #.....# .$ * #.....# * ... ,* ##.....# .... ,, ###...#### PP...

,##...###
P.....##..##### *
*
_PP.yhg@........
, ,
.....gy########.*
.....yy, * *
....... , ** ~ *
, , * ....... , *
, ......# ~ ,
s..... , , ~ ,
....#. , , ,


You could see a black bear (berserk), a scorpion, 4 killer bees and 2 gnolls.

Vanquished Creatures
  A hound (D:5)
  2 gnolls (D:5)
  4 adders
  An orc (D:4)
  A ball python (D:1)
  2 endoplasms (D:2)
  2 giant cockroaches (D:4)
  2 goblins (D:1)
  A hobgoblin (D:1)
  3 jackals (D:3)
  3 quokkas
  4 bats
  2 kobolds
  3 rats
31 creatures vanquished.

Vanquished Creatures (others)
  6 fungi (D:5)
  2 plants (D:5)
8 creatures vanquished.

Grand Total: 39 creatures vanquished

Notes
Turn   | Place    | Note
-------+----------+-------------------------------------------
     0 | D:1      | hawla the Meteoran Ice Elementalist began the quest for the
                  | Orb.
     0 | D:1      | Reached XP level 1. HP: 14/14 MP: 5/5
   100 | D:1      | Reached XP level 2. HP: 20/20 MP: 3/6
   202 | D:2      | Reached skill level 5 in Ice Magic
   202 | D:2      | Reached XP level 3. HP: 27/27 MP: 5/8
   210 | D:2      | Learned a level 3 spell: Frozen Ramparts
   341 | D:4      | Reached XP level 4. HP: 34/34 MP: 6/9
   346 | D:4      | Learned a level 4 spell: Hailstorm
   363 | D:4      | Reached skill level 1 in Conjurations
   465 | D:4      | Found a staircase to the Ecumenical Temple.
   474 | Temple   | Entered the Ecumenical Temple
   535 | Temple   | Became a worshipper of Vehumet
   573 | D:5      | Entered Level 5 of the Dungeon
   589 | D:5      | Found a blossoming altar of Fedhas.
   590 | D:5      | Noticed a black bear
   597 | D:5      | Reached skill level 1 in Short Blades
   597 | D:5      | Reached XP level 5. HP: 24/39 MP: 3/10
   602 | D:5      | Slain by a killer bee

Illustrated notes

Levels and vault maps discovered:
D:1:      lightli_arrival_boilingwater, layout_loops_ring, serial_bayou_crossing
D:2:      layout_rooms, basic_altar, shapermc_ecumenical_altar_ellora,
          minmay_tetromino_s4, uniq_sigmund
D:3:      layout_basic, hangedman_decor_growths, uniq_robin
D:4:      layout_loops_corners, gammafunk_temple_overflow_wave, temple_statues,
          uniq_natasha
D:5:      layout_rooms, bloody_makhleb, fedhas_altar_3,
          mainiacjoe_overflow_alcove_3, gup_sewer_entry_pipe, minmay_manual_mail
Temple:   cyrus_temple_forest

Skill      XL: |  1  2  3  4 |
---------------+-------------+-----
Ice Magic      | 5 |  5.3
Spellcasting   | 3 |  3.2
Conjurations   | 2 |  2.8
Short Blades   | 1 |  1.6
Fighting       | |  0.5
Dodging        | |  2.6
Stealth        | |  1.4

Action                   |  1- 3 |  4- 6 || total
-------------------------+-------+-------++-------
Melee: Unarmed           |     4 |       ||     4
       Short sword       |       |     2 ||     2
 Cast: Freeze            |    26 |     5 ||    31
       Frozen Ramparts   |     1 |     3 ||     4
       Hailstorm         |       |     2 ||     2
  Use: Potion            |       |     2 ||     2
       Scroll            |       |     1 ||     1
Armor: Robe              |     8 |     2 ||    10
Dodge: Dodged            |    19 |     9 ||    28
Block: Other             |       |     4 ||     4
